 Dungeon Crawl Stone Soup version 0.30.1-4-g462c640d31 (webtiles) character file.

Game seed: 3888601985499345371

2727 Babbit the Cleaver (level 9, -1/78 HPs)
             Began as a Minotaur Fighter on Aug 14, 2023.
             Slain by a gnoll
             ... wielding a +0 flail
             ... led by a gnoll sergeant
              (3 damage)
             ... on level 6 of the Dungeon.
             The game lasted 00:21:03 (5113 turns).

Babbit the Cleaver (Minotaur Fighter)               Turns: 5113, Time: 00:21:04

Health: -1/78      AC:  8    Str: 21    XL:     9   Next: 40%
Magic:  8/8        EV: 10    Int:  5    God:
Gold:   192        SH:  6    Dex: 10    Spells: 8/8 levels left

rFire   + + +        B - +7 falchion of Patience {holy, rF++ rC++ Str-4}
rCold   + + .        c - +1 buckler
rNeg    . . .        b - +0 scale mail
rPois   .            (helmet restricted)
rElec   .            (no cloak)
rCorr   .            (no gloves)
SInv    +            (no boots)
Will    .....        l - amulet of the acrobat Stlth
                     m - ring of protection from fire
HPRegen 0.33/turn    o - ring of see invisible
MPRegen 0.11/turn

%: acrobat
@: about to teleport
A: horns 2, retaliatory headbutt
a: no special abilities


You were on level 6 of the Dungeon.
You visited 1 branch of the dungeon, and saw 6 of its levels.

You collected 282 gold pieces.
You spent 90 gold pieces at shops.

Inventory:

Hand Weapons
 y - a +1 heavy war axe
 B - the +7 falchion of Patience (weapon) {holy, rF++ rC++ Str-4}
   (You found it on level 6 of the Dungeon)

   Str:       It affects your strength (-4).
   rF:        It greatly protects you from fire.
   rC:        It greatly protects you from cold.
Armour
 b - a +0 scale mail (worn)
 c - a +1 buckler (worn)
Jewellery
 l - an amulet of the acrobat (around neck)
 m - a ring of protection from fire (left hand)
 o - a ring of see invisible (right hand)
 v - a ring of resist corrosion
 w - a ring of protection from cold
Wands
 A - a wand of polymorph (10) (quivered)
Scrolls
 a - a scroll of summoning {unknown}
 e - 2 scrolls of fog
 g - a scroll of enchant weapon {unknown}
 h - 3 scrolls of identify
 k - a scroll of fear {unknown}
 p - a scroll of silence {unknown}
 s - a scroll of noise {unknown}
 t - 2 scrolls of teleportation
 u - 2 scrolls of vulnerability {unknown}
 x - a scroll of poison {unknown}
Potions
 d - 2 potions of might
 f - 3 potions of curing
 i - a potion of invisibility {unknown}
 j - a potion of berserk rage
 n - 2 potions of flight {unknown}
 q - 2 potions of attraction {unknown}
 r - a potion of heal wounds
 z - a potion of lignification {unknown}


   Skills:
 + Level 6.7 Fighting
 + Level 1.0 Long Blades
 + Level 11.0 Axes
 + Level 8.2 Armour
 + Level 2.8 Dodging
 + Level 0.6 Stealth
 + Level 6.0 Shields
 + Level 0.1 Evocations


You had 8 spell levels left.
You didn't know any spells.
Your spell library contained the following spells:

 Spells                   Type           Power      Damage    Failure   Level
 Foxfire                  Conj/Fire      0%         2x1d4     83%         1
 Static Discharge         Conj/Air       0%         2-2/arc   93%         2
 Airstrike                Air            0%         2d(0-16)  100%        4
 Summon Lightning Spire   Summ/Air       0%         N/A       100%        4
 Fireball                 Conj/Fire      0%         3d3       100%        5
 Plasma Beam              Fire/Air       0%         2x1d11    100%        6
 Starburst                Conj/Fire      0%         6d3       100%        6


Dungeon Overview and Level Annotations

Branches:
Dungeon (6/15)             Temple (0/1) D:5

Altars:
Fedhas
Hepliaklqana

Shops:
D:2 !   D:4 :[:[?


Innate Abilities, Weirdness & Mutations

You have a pair of horns on your head.
You reflexively headbutt those who attack you in melee.


Message History

The gnoll sergeant completely misses you.
You furiously retaliate!
You headbutt the gnoll sergeant, but do no damage.
The gnoll closely misses you. You furiously retaliate!
You headbutt the gnoll!
You kill the gnoll!
You block the gnoll's attack. The gnoll barely misses you.
The gnoll hits you but does no damage.
The gnoll sergeant hits you with a +0 trident.
The gnoll barely misses you. You furiously retaliate!
You headbutt the gnoll! You hit the gnoll sergeant.
The gnoll sergeant is severely wounded.
The gnoll sergeant hits you with a +0 trident.
You block the gnoll's attack. x2
You hit the gnoll sergeant but do no damage.
The gnoll sergeant is severely wounded.
You block the gnoll's attack. The gnoll hits you with a +0 flail.
* * * LOW HITPOINT WARNING * * *
The gnoll closely misses you.
The gnoll sergeant hits you with a +0 trident.
* * * LOW HITPOINT WARNING * * *
The gnoll barely misses you.
Okay, then.
Okay, then.
As you read the scroll of teleportation, it crumbles to dust.
You feel strangely unstable.
The gnoll sergeant hits you with a +0 trident.
* * * LOW HITPOINT WARNING * * *
The gnoll closely misses you.
The gnoll hits you from afar with a +2 heavy spear!
* * * LOW HITPOINT WARNING * * *
The gnoll drinks a potion.
The gnoll is healed!
The gnoll closely misses you.
You slash the gnoll sergeant!
You kill the gnoll sergeant!
The gnoll closely misses you. You block the gnoll's attack. x2
The gnoll hits you with a +0 flail.
* * * LOW HITPOINT WARNING * * *
The gnoll hits you with a +0 halberd.
* * * LOW HITPOINT WARNING * * *
The gnoll hits you with a +0 flail.
You die...

.............##.........# #...#
......................<.##....#
.......##..........#....#....#
..##..<##.........##........# #
......................##...##..#
..........##.........###.......#
.........###.....$...........#..
....#...## #.......##>#........#
........ #....@g.#..#....##....
...#.... #....gg..#.............
...#..........#...g#...####..##..
...# .........#.........# ##.....
.....# ......##..........##......
.###.# ...... ...................
.# ... ..... ..............)....
## ..# !...........†..†<... .. ..
..........)....


You could see 4 gnolls.

Vanquished Creatures
  A two-headed ogre (D:6)
  Sigmund (D:5)
  The ghost of Aerias the Cudgeller, an amateur GrMo of Wu Jian (D:4)
  A water moccasin (D:5)
  An orc warrior (D:6)
  A sky beast (D:6)
  2 black bears
  3 ogres
  The ghost of NelofarNekjeu the Charlatan, an amateur HuAr of Cheibriados (D:3)
  A phantom (D:4)
  A kobold brigand (D:4)
  A bullfrog (D:3)
  A gnoll sergeant (D:6)
  2 scorpions
  4 howler monkeys
  4 hounds
  3 orc priests
  3 iguanas
  3 orc wizards
  Natasha (thrice) (D:3)
  A gnoll (D:6)
  4 adders
  14 orcs
  6 ball pythons
  7 bats
  6 endoplasms
  A giant cockroach (D:1)
  5 hobgoblins
  4 jackals
  10 kobolds
  3 quokkas
  4 frilled lizards (D:3)
  13 goblins
  8 rats
124 creatures vanquished.

Notes
Turn   | Place    | Note
-------+----------+-------------------------------------------
     0 | D:1      | Babbit the Minotaur Fighter began the quest for the Orb.
     0 | D:1      | Reached XP level 1. HP: 19/19 MP: 0/0
   245 | D:1      | Reached XP level 2. HP: 25/27 MP: 1/1
   624 | D:1      | Reached skill level 3 in Axes
   810 | D:2      | Reached XP level 3. HP: 33/33 MP: 2/2
  1136 | D:2      | Found Puysudgh's Distillery.
  1493 | D:3      | Reached XP level 4. HP: 40/40 MP: 3/3
  1541 | D:3      | Noticed Natasha
  1547 | D:3      | Killed Natasha
  1548 | D:3      | Reached skill level 4 in Axes
  1758 | D:3      | You fall into a shaft and drop 3 floors!
  1767 | D:5      | Entered Level 5 of the Dungeon
  1771 | D:5      | Reached XP level 5. HP: 26/46 MP: 4/4
  1777 | D:5      | Reached skill level 5 in Axes
  1876 | D:5      | Noticed an ogre
  1897 | D:5      | Noticed a black bear
  1903 | D:6      | Killed an ogre
  1903 | D:6      | Noticed an orc warrior
  2229 | D:3      | Found a transporter.
  2233 | D:3      | Noticed NelofarNekjeu's ghost (amateur HuAr)
  2243 | D:3      | Noticed Natasha
  2244 | D:3      | Found a transporter.
  2248 | D:3      | Killed Natasha
  2249 | D:3      | Reached skill level 1 in Dodging
  2249 | D:3      | Reached XP level 6. HP: 49/53 MP: 5/5
  2265 | D:3      | Killed NelofarNekjeu's ghost
  2266 | D:3      | Reached skill level 6 in Axes
  2267 | D:3      | Reached skill level 5 in Armour
  2603 | D:3      | Noticed Natasha
  2613 | D:3      | Killed Natasha
  2667 | D:4      | Found Xytesch's Book Emporium.
  2671 | D:4      | Found Tasutom's Armour Boutique.
  2719 | D:4      | Reached XP level 7. HP: 50/60 MP: 6/6
  2726 | D:4      | Reached skill level 5 in Fighting
  2727 | D:4      | Found Qauniycy's Magic Scroll Shoppe.
  2755 | D:4      | Bought a scroll of enchant armour for 90 gold pieces
  2788 | D:4      | Found Immeifie's Antique Armour Shoppe.
  2833 | D:4      | Reached skill level 7 in Axes
  2918 | D:4      | Found a transporter.
  2921 | D:4      | Found Bumya's Book Shop.
  2923 | D:4      | Found a transporter.
  2944 | D:4      | Noticed Aerias's ghost (amateur GrMo)
  2946 | D:4      | Found a transporter.
  2950 | D:4      | Found a transporter.
  2961 | D:4      | Killed Aerias's ghost
  2964 | D:4      | Reached skill level 5 in Shields
  3281 | D:4      | Reached skill level 8 in Axes
  3333 | D:4      | Reached XP level 8. HP: 69/69 MP: 7/7
  3659 | D:5      | Noticed Sigmund
  3666 | D:5      | Killed Sigmund
  3667 | D:5      | Reached skill level 9 in Axes
  4074 | D:5      | Found a blossoming altar of Fedhas.
  4080 | D:5      | Found a hazy altar of Hepliaklqana.
  4134 | D:5      | Found a staircase to the Ecumenical Temple.
  4513 | D:6      | Reached skill level 10 in Axes
  4564 | D:6      | Reached XP level 9. HP: 45/75 MP: 8/8
  4762 | D:6      | Identified the +7 falchion of Patience {holy, rF++ rC++
                  | Str-4}
  4798 | D:6      | Noticed a two-headed ogre
  4809 | D:6      | Killed a two-headed ogre
  4810 | D:6      | Reached skill level 1 in Long Blades
  4810 | D:6      | Reached skill level 11 in Axes
  5113 | D:6      | HP: 2/78 [gnoll/+0 halberd[a gnoll sergeant] (3)]
  5113 | D:6      | Slain by a gnoll

Illustrated notes

Levels and vault maps discovered:
D:1:      minmay_arrival_shattered_statue, layout_rooms,
          serial_co_window_serial, co_window_corner_a, co_window_paths_a,
          co_window_paths_a, co_window_paths_a, co_window_paths_a,
          co_window_paths_c, co_window_unsneaky_path_d, co_window_broadway_b,
          co_window_paths_c, co_window_corner_ca, co_window_broadway_b,
          co_window_of_opportunity_b, glass_columns_b, glass_columns_b,
          glass_columns_b, glass_columns_c, glass_columns_b, minmay_tetromino_o2
D:2:      layout_loops_ring, serial_shops, shop_fountains
D:3:      layout_loops_ring, gammafunk_ghost_arena, uniq_natasha
D:4:      layout_basic, gammafunk_ghost_arena, serial_shops,
          nicolae_shop_window_shopping, nicolae_shop_drivethru, shop,
          kennysheep_little_box, nicolae_shop_tiny_glass
D:5:      cheibrodos_quashed, layout_loops_ring, mainiacjoe_overflow_big_doors,
          minmay_temple_entry_statues, roderic_serpentine_path,
          lightli_corner_chamber, uniq_sigmund
D:6:      layout_cave_pools

Skill      XL: |  1  2  3  4  5  6  7  8  9 |
---------------+----------------------------+-----
Fighting       | 4 5 6 |  6.7
Armour         | 4 5 7 8 |  8.2
Axes           | 3 4 5 6 8 10 11 | 11.0
Shields        | 4 5 6 |  6.0
Dodging        | 1 2 |  2.8
Long Blades    | 1 |  1.0
Stealth        | |  0.6
Evocations     | |  0.1

Action                     |  1- 3 |  4- 6 |  7- 9 || total
---------------------------+-------+-------+-------++-------
  Melee: War axe           |    82 |    74 |   100 ||   256
         Headbutt          |     4 |     4 |    24 ||    32
         Falchion          |       |       |    15 ||    15
  Evoke: Wand              |       |       |     1 ||     1
    Use: Scroll            |     2 |     2 |     3 ||     7
         Potion            |       |       |     1 ||     1
 Armour: Scale mail        |    43 |    19 |    29 ||    91
  Dodge: Dodged            |    34 |    52 |    70 ||   156
  Block: Buckler           |    19 |    22 |    40 ||    81
